 Dungeon Crawl Stone Soup version 0.31-a0-43-g46d131a48f (webtiles) character file.

Game seed: 630624747048346753

125 hadoken the Insei (level 5, -5/40 HPs)
             Began as a Gnoll Transmuter on May 19, 2023.
             Slain by a gnoll
             ... wielding a +0 club
              (7 damage)
             ... on level 3 of the Dungeon.
             The game lasted 00:03:53 (1926 turns).

hadoken the Insei (Gnoll Transmuter)                Turns: 1926, Time: 00:03:53

Health: -5/40      AC:  2    Str: 15    XL:     5   Next: 9%
Magic:  6/12       EV: 22    Int: 12    God:
Gold:   48         SH:  0    Dex: 20    Spells: 4/14 levels left

rFire   x .          .
                       - Unarmed
rCold   + . .        (shield currently unavailable)
rNeg    . . .        a - melded +0 robe
rPois   x            (helmet currently unavailable)
rElec   .            (cloak currently unavailable)
rCorr   .            (gloves currently unavailable)
SInv    .            (boots currently unavailable)
Will    .....        (no amulet)
Stlth   ++           o - +6 ring of strength
HPRegen 0.26/turn    s - ring of ice
MPRegen 0.13/turn

%: no passive effects
@: spider-form (expiring)
A: venomous fangs, tiny, (fangs 1), strong nose, distributed training
a: End Transformation


You were on level 3 of the Dungeon.
You were a venomous arachnid creature.
You visited 1 branch of the dungeon, and saw 3 of its levels.

You collected 48 gold pieces.

Inventory:

Hand Weapons
 m - a +0 sling
Missiles
 e - 3 boomerangs
 j - 4 curare-tipped darts (quivered)
Armour
 a - a +0 robe (melded)
Jewellery
 o - a +6 ring of strength (left front pincers)
 s - a ring of ice (right front pincers)
Wands
 p - a wand of polymorph (8)
Scrolls
 f - 2 scrolls of brand weapon {unknown}
 l - a scroll of fog {unknown}
 n - 2 scrolls of vulnerability {unknown}
 r - a scroll of magic mapping {unknown}
 v - a scroll of identify {unknown}
 w - 2 scrolls of teleportation {unknown}
 y - a scroll of noise {unknown}
Potions
 b - a potion of lignification
 c - 2 potions of attraction {unknown}
 d - 5 potions of degeneration {unknown}
 g - a potion of brilliance {unknown}
 h - a potion of flight {unknown}
 i - a potion of invisibility {unknown}
 k - a potion of haste {unknown}
 q - a potion of curing {unknown}
 t - a potion of might {unknown}
 u - a potion of resistance {unknown}
 x - a potion of mutation {unknown}


   Skills:
 + Level 2.9 Fighting
 + Level 1.4 Short Blades
 + Level 1.4 Long Blades
 + Level 1.4 Axes
 + Level 1.4 Maces & Flails
 + Level 1.4 Polearms
 + Level 1.4 Staves
 + Level 1.4 Ranged Weapons
 + Level 1.4 Throwing
 + Level 1.4 Armour
 + Level 4.7 Dodging
 + Level 1.4 Stealth
 + Level 1.4 Shields
 + Level 6.6 Unarmed Combat
 + Level 5.1 Spellcasting
 + Level 1.1 Conjurations
 + Level 1.1 Hexes
 + Level 1.1 Summonings
 + Level 1.1 Necromancy
 + Level 1.1 Translocations
 + Level 3.9 Transmutations
 + Level 1.1 Fire Magic
 + Level 1.1 Ice Magic
 + Level 1.1 Air Magic
 + Level 1.1 Earth Magic
 + Level 1.1 Poison Magic
 + Level 1.5 Invocations
 + Level 1.4 Evocations


You had 4 spell levels left.
You knew the following spells:

 Your Spells              Type           Power      Damage    Failure   Level
a - Beastly Appendage     Tmut           24%        N/A       12%         1
b - Wereblood             Tmut           12%        N/A       17%         2
c - Spider Form           Tmut/Pois      9%         N/A       41%         3
d - Ice Form              Ice/Tmut       13%        N/A       77%         4

Your spell library contained the following spells:

 Spells                   Type           Power      Damage    Failure   Level
 Necrotise                Necr           20%        1d5       28%         1
 Vampiric Draining        Necr           5%         2d6       58%         3
 Agony                    Necr           5%         N/A       99%         5


Dungeon Overview and Level Annotations

Branches:
Dungeon (3/15)

Altars:

Shops:
D:1 :


Innate Abilities, Weirdness & Mutations

You are a venomous arachnid creature.
You have venomous fangs.
You are tiny and dextrous.
Your spellcasting is less reliable in this form.
Your armour is entirely melded.
You are incapable of wielding weapons or throwing items.
((You have very sharp teeth.))
Your uncanny sense of smell can sniff out nearby items.
Your experience applies equally to all skills.


Message History

Casting: Spider Form (quite dangerous; 22% risk of failure)
Confirm with . or Enter, or press ? or * to list all spells.
The spell is quite dangerous to miscast (22% risk of failure)!
Continue anyway?
You turn into a venomous arachnid creature.
Your +0 robe melds into your body.
You feel sick. The gnoll misses you.
You are too injured to fight recklessly!
You are too injured to fight recklessly!
You bite the gnoll!
The gnoll is poisoned.
The gnoll is almost dead.
You feel sick.
You kill the gnoll!
You have reached level 5!
You bite the gnoll!
The gnoll is poisoned.
The gnoll is almost dead.
You feel sick.
You are no longer poisoned.
The gnoll hits you with a +0 whip!
* * * LOW HITPOINT WARNING * * *
You hit the gnoll.
You kill the gnoll!
A gnoll comes into view. It is wielding a +0 club.
The gnoll shouts!
Items here: )) ††.
Your transformation is almost over.
You barely miss the gnoll. The gnoll barely misses you.
You hit the gnoll.
The gnoll is poisoned.
The gnoll is lightly wounded.
The gnoll hits you with a +0 club!
* * * LOW HITPOINT WARNING * * *
You barely miss the gnoll.
The gnoll is moderately wounded.
The gnoll completely misses you.
Your magical contamination has completely faded away.
You hit the gnoll.
The gnoll looks as sick as possible!
The gnoll is heavily wounded.
The gnoll misses you. The gnoll attacks as you move away!
The gnoll hits you with a +0 club.
* * * LOW HITPOINT WARNING * * *
The gnoll attacks as you move away! The gnoll hits you with a +0 club!
You die...

∆ .$##.... ∆ #......
##..... #....).. #
###.##... #.## #.. ....
.... # #.#.##)#####..#
#. #<#.##.g..)...#
#.##.#.##s#####.##
###.#.....##.........
#..........#...........
#.##.##.##.#.#####.#
#.. #. #.##.#.# . .
#.##.#.#####. #
#............#
####.#.######. #.#.#


You could see a gnoll (extremely poisoned).

Vanquished Creatures
  Jessica (D:2)
  5 gnolls
  A dart slug (D:2)
  3 ball pythons
  2 endoplasms (D:1)
  3 giant cockroaches
  9 goblins
  7 hobgoblins
  4 kobolds
  A quokka (D:1)
  4 bats (D:1)
  A frilled lizard (D:1)
  5 rats
46 creatures vanquished.

Notes
Turn   | Place    | Note
-------+----------+-------------------------------------------
     0 | D:1      | hadoken the Gnoll Transmuter began the quest for the Orb.
     0 | D:1      | Reached XP level 1. HP: 17/17 MP: 6/6
   174 | D:1      | Reached XP level 2. HP: 23/23 MP: 7/7
   398 | D:1      | Found Pafrit's Book Shop.
   564 | D:1      | Learned a level 2 spell: Wereblood
   766 | D:1      | Reached skill level 5 in Spellcasting
   766 | D:1      | Reached XP level 3. HP: 28/28 MP: 7/9
  1061 | D:1      | Learned a level 3 spell: Spider Form
  1194 | D:2      | Found a faded altar of an unknown god.
  1198 | D:2      | Reached skill level 1 in Invocations
  1249 | D:2      | Noticed Jessica
  1263 | D:2      | Killed Jessica
  1264 | D:2      | Reached skill level 1 in Short Blades
  1264 | D:2      | Reached skill level 1 in Long Blades
  1264 | D:2      | Reached skill level 1 in Axes
  1264 | D:2      | Reached skill level 1 in Maces & Flails
  1264 | D:2      | Reached skill level 1 in Polearms
  1264 | D:2      | Reached skill level 1 in Staves
  1264 | D:2      | Reached skill level 1 in Ranged Weapons
  1264 | D:2      | Reached skill level 1 in Throwing
  1264 | D:2      | Reached skill level 1 in Armour
  1264 | D:2      | Reached skill level 1 in Stealth
  1264 | D:2      | Reached skill level 1 in Shields
  1264 | D:2      | Reached skill level 1 in Evocations
  1264 | D:2      | Reached XP level 4. HP: 34/34 MP: 6/11
  1615 | D:2      | Reached skill level 1 in Conjurations
  1615 | D:2      | Reached skill level 1 in Hexes
  1615 | D:2      | Reached skill level 1 in Summonings
  1615 | D:2      | Reached skill level 1 in Necromancy
  1615 | D:2      | Reached skill level 1 in Translocations
  1615 | D:2      | Reached skill level 1 in Fire Magic
  1615 | D:2      | Reached skill level 1 in Ice Magic
  1615 | D:2      | Reached skill level 1 in Air Magic
  1615 | D:2      | Reached skill level 1 in Earth Magic
  1615 | D:2      | Reached skill level 1 in Poison Magic
  1879 | D:2      | Learned a level 4 spell: Ice Form
  1913 | D:3      | Reached XP level 5. HP: 18/40 MP: 5/12
  1925 | D:3      | HP: 2/40 [gnoll/+0 club (3)]
  1926 | D:3      | Slain by a gnoll

Illustrated notes

Levels and vault maps discovered:
D:1:      elethiomel_arrival_quiet, layout_basic, serial_shops,
          nicolae_shop_real_fake_doors
D:2:      layout_basic, hellmonk_ecumenical_altar_prayer_group, uniq_jessica
D:3:      layout_loops_ring, lemuel_doored_altar, mrwooster_statue_mirror,
          uniq_crazy_yiuf_cottage

Skill      XL: |  1  2  3  4 |
---------------+-------------+-----
Spellcasting   | 5 |  5.1
Invocations    | 1 |  1.5
Short Blades   | 1 |  1.4
Long Blades    | 1 |  1.4
Axes           | 1 |  1.4
Maces & Flails | 1 |  1.4
Polearms       | 1 |  1.4
Staves         | 1 |  1.4
Ranged Weapons | 1 |  1.4
Throwing       | 1 |  1.4
Armour         | 1 |  1.4
Stealth        | 1 |  1.4
Shields        | 1 |  1.4
Evocations     | 1 |  1.4
Conjurations   | 1 |  1.1
Hexes          | 1 |  1.1
Summonings     | 1 |  1.1
Necromancy     | 1 |  1.1
Translocations | 1 |  1.1
Fire Magic     | 1 |  1.1
Ice Magic      | 1 |  1.1
Air Magic      | 1 |  1.1
Earth Magic    | 1 |  1.1
Poison Magic   | 1 |  1.1
Fighting       | |  2.9
Dodging        | |  4.7
Unarmed Combat | |  6.6
Transmutations | |  3.9

Action                     |  1- 3 |  4- 6 || total
---------------------------+-------+-------++-------
  Melee: Unarmed           |    94 |    30 ||   124
         Kick              |     7 |       ||     7
         Punch             |     1 |       ||     1
         Headbutt          |     2 |       ||     2
         Bite              |     1 |     1 ||     2
   Cast: Beastly Appendage |     7 |     2 ||     9
         Wereblood         |     5 |     1 ||     6
         Spider Form       |     1 |     3 ||     4
   Stab: Sleeping          |     2 |     1 ||     3
 Armour: Robe              |    17 |     1 ||    18
         Skin              |       |     1 ||     1
  Dodge: Dodged            |    60 |    22 ||    82

Table legend: (Time is in decaauts)
 A = Elapsed time spent in this place.
 B = Non-inter-level travel time spent in this place.
 C = Inter-level travel time spent in this place.
 D = Time resting spent in this place.
 E = Time spent auto-exploring this place.
 F = Levels seen in this place.
 G = Mean time per level.
                   A        B        C        D        E       F      G
               +--------+--------+--------+--------+--------+-----+--------+
         Total |   1909 |   1863 |     46 |    209 |   1275 |   3 |  636.3 |
       Dungeon |   1909 |   1863 |     46 |    209 |   1275 |   3 |  636.3 |
               +--------+--------+--------+--------+--------+-----+--------+

Top non-repeatable levels by time:
     D:1: 1052 daAuts
     D:2: 812 daAuts
     D:3: 44 daAuts
